 Dungeon Crawl Stone Soup version 0.27.1-33-g824d729ab1 (webtiles) character file.

Game seed: 12437351481216714783

270 walnutcon the Changer (level 6, -15/43 HPs)
             Began as a Merfolk Transmuter on Dec 21, 2021.
             Demolished by Duvessa (16 damage)
             ... on level 4 of the Dungeon.
             The game lasted 00:13:29 (3843 turns).

walnutcon the Changer (Merfolk Transmuter)          Turns: 3843, Time: 00:13:34

Health: -15/43     AC:  2    Str: 11    XL:     6   Next: 22%
Magic:  7/9        EV: 12    Int: 13    God:
Gold:   77         SH:  0    Dex: 15    Spells: 3/9 levels left

rFire    . . .     SeeInvis .     - Unarmed
rCold    . . .     Faith    .   (no shield)
rNeg     . . .     Spirit   .   a - +0 robe
rPois    .         Reflect  .   (no helmet)
rElec    .         Harm     .   (no cloak)
rCorr    .         Rampage  .   (no gloves)
Will     .....                  (no boots)
Stlth    +.........             (no amulet)
HPRegen  0.14/turn              (no ring)
MPRegen  0.11/turn              (no ring)

@: no status effects
A: (nimble swimmer 2), mertail
a: no special abilities


You were on level 4 of the Dungeon.
You visited 1 branch of the dungeon, and saw 4 of its levels.

You collected 77 gold pieces.

Inventory:

Missiles
 p - 9 poisoned darts (quivered)
Armour
 a - a +0 robe (worn)
Magical Staves
 f - a staff of poison
Jewellery
 n - a ring of fire
Wands
 k - a wand of paralysis (11)
Scrolls
 b - 3 scrolls of identify {unknown}
 g - a scroll of teleportation {unknown}
 h - 2 scrolls of enchant armour {unknown}
 i - 2 scrolls of amnesia {unknown}
 j - a scroll of fear {unknown}
 l - a scroll of immolation {unknown}
 o - a scroll of silence {unknown}
 q - a scroll of magic mapping {unknown}
Potions
 c - 2 potions of cancellation
 d - 2 potions of curing {unknown}
 e - a potion of haste {unknown}
 r - a potion of brilliance {unknown}


   Skills:
 - Level 1.1 Fighting
 - Level 2.6 Dodging
 + Level 4.9 Unarmed Combat
 - Level 2.0 Spellcasting
 - Level 7.1 Transmutations


You had 3 spell levels left.
You knew the following spells:

 Your Spells              Type           Power      Damage    Failure   Level
a - Beastly Appendage     Tmut           38%        N/A       1%          1
b - Wereblood             Tmut           19%        N/A       1%          2
c - Spider Form           Tmut/Pois      5%         N/A       19%         3

Your spell library contained the following spells:

 Spells                   Type           Power      Damage    Failure   Level
 Ice Form                 Ice/Tmut       10%        N/A       52%         4


Dungeon Overview and Level Annotations

Branches:
Dungeon (4/15)
 Temple: D:4-7

Altars:
Ashenzari
Xom

Annotations:
D:4 Duvessa


Innate Abilities, Weirdness & Mutations

((You are quick and stealthy near water. (Stealth+, EV+, Speed+++)))
Your lower body shifts to a powerful aquatic tail in water.


Message History

Duvessa looks even sicker.
Duvessa is lightly wounded.
Duvessa struggles against the net.
The net rips apart, and Duvessa comes free!
Throw: 10 darts (poison)
Press: ? - help, Q - select action, (/) - cycle Shift-Dir - straight line, f/p - Duvessa
Aim: Duvessa, wielding a +0 rapier and wearing a +0 ring mail (lightly wounded, berserk, very poisoned, 65% to hit)
You throw a poisoned dart. The poisoned dart hits Duvessa.
Duvessa looks even sicker.
Duvessa is lightly wounded.
Casting: Spider Form (quite dangerous; 19% risk of failure)
Confirm with . or Enter, or press ? or * to list all spells.
The spell is quite dangerous to cast (19% risk of failure)!
Continue anyway?
You turn into a venomous arachnid creature.
Your +0 robe melds into your body.
Duvessa hits you with a +0 rapier!
You hit Duvessa but do no damage.
Duvessa looks as sick as possible!
Duvessa is lightly wounded.
Duvessa barely misses you.
You hit Duvessa.
Duvessa looks as sick as possible!
Duvessa is moderately wounded.
Duvessa completely misses you.
You hit Duvessa.
Duvessa is moderately wounded.
Duvessa hits you with a +0 rapier. Duvessa barely misses you.
You bite Duvessa!
Duvessa is heavily wounded.
Duvessa hits you with a +0 rapier!
* * * LOW HITPOINT WARNING * * *
Your transformation is almost over.
Duvessa closely misses you.
Things that are here:
a +0 dagger; a +0 robe; the elf corpse of Dowan It was a potion of cancellation.
Your magical effects are unravelling.
You feel magically purged.
Your transformation has ended.
Your +0 robe unmelds from your body.
Duvessa hits you with a +0 rapier!
* * * LOW HITPOINT WARNING * * *
Duvessa hits you with a +0 rapier!
You die...

#..###.# #....?.......
...##..# #.#.....(.....
#......# #.##.(..(.
....#.############...(.....
....<....#..##......).##...
...#...#..........)........
...#...#..##...###)#.......
...........##...##.[.......
....##.....#.<..@e.#.......
...............#.###.......
####.#.###.#..#### #....##
##### ###### #####


You could see Duvessa (berserk, very poisoned).

Vanquished Creatures
  An ogre (D:4)
  Dowan (D:4)
  An iguana (D:3)
  3 adders (D:4)
  A worm (D:2)
  A dart slug (D:1)
  13 orcs
  6 ball pythons
  7 endoplasms
  5 giant cockroaches
  5 goblins
  7 hobgoblins
  6 kobolds
  2 quokkas
  6 bats
  7 frilled lizards
  5 rats (D:1)
77 creatures vanquished.

Notes
Turn   | Place    | Note
-------+----------+-------------------------------------------
     0 | D:1      | walnutcon the Merfolk Transmuter began the quest for the
                  | Orb.
     0 | D:1      | Reached XP level 1. HP: 15/15 MP: 3/3
   139 | D:1      | Reached skill level 3 in Transmutations
   251 | D:1      | Reached XP level 2. HP: 21/21 MP: 3/5
   342 | D:1      | Reached skill level 4 in Transmutations
   691 | D:1      | Reached XP level 3. HP: 22/26 MP: 4/6
   906 | D:1      | Learned a level 2 spell: Wereblood
   910 | D:1      | Learned a level 3 spell: Spider Form
  1346 | D:2      | Reached skill level 5 in Transmutations
  2504 | D:3      | Reached XP level 4. HP: 31/32 MP: 3/7
  2541 | D:3      | Found a broken altar of Ashenzari.
  2880 | D:3      | Found a shimmering altar of Xom.
  3022 | D:3      | Reached skill level 6 in Transmutations
  3527 | D:4      | Noticed an ogre
  3534 | D:4      | Reached XP level 5. HP: 37/37 MP: 4/8
  3554 | D:4      | Killed an ogre
  3555 | D:4      | Reached skill level 7 in Transmutations
  3559 | D:4      | Noticed Dowan
  3559 | D:4      | Noticed Duvessa
  3698 | D:4      | Reached XP level 6. HP: 37/43 MP: 4/9
  3794 | D:4      | Killed Dowan
  3843 | D:4      | HP: 1/43 [Duvessa (11)]
  3843 | D:4      | Demolished by Duvessa

Illustrated notes

Levels and vault maps discovered:
D:1:      dpeg_arrival_windows_large_door, layout_basic
D:2:      layout_basic
D:3:      layout_basic, overflow_temple_1_default,
          mainiacjoe_overflow_cross_hatched, shapermc_ecumenical_altar_petra,
          nicolae_underground_beach
D:4:      layout_cave_pools, marbit_many_paths,
          minmay_temple_entry_purple_smoke, serial_shops,
          nicolae_take_the_stairs, uniq_crazy_yiuf_cottage, uniq_duvessa,
          uniq_ijyb

Skill      XL: |  1  2  3  4  5 |
---------------+----------------+-----
Transmutations | 3 4 5 6 7 |  7.1
Unarmed Combat | 4 |  4.9
Fighting       | |  1.1
Dodging        | |  2.6
Spellcasting   | |  2.0

Action                   |  1- 3 |  4- 6 || total
-------------------------+-------+-------++-------
Melee: Unarmed           |   127 |    72 ||   199
       Headbutt          |    18 |     3 ||    21
       Punch             |     2 |       ||     2
Throw: Dart              |       |     6 ||     6
       Throwing net      |       |     2 ||     2
 Cast: Beastly Appendage |    28 |     3 ||    31
       Spider Form       |     7 |    11 ||    18
       Wereblood         |       |     4 ||     4
  Use: Potion            |       |     1 ||     1
 Stab: Sleeping          |     2 |       ||     2
Armor: Robe              |    17 |     2 ||    19
       Skin              |     1 |     3 ||     4
Dodge: Dodged            |    78 |    64 ||   142
